 Dungeon Crawl Stone Soup version 0.21.1-1-g345015fe64 (webtiles) character file.

3516 Hercules1031 the Fighter (level 9, -8/90 HPs)
             Began as a Deep Dwarf Fighter on June 9, 2018.
             Was a Follower of Makhleb.
             Mangled by Prince Ribbit (14 damage)
             ... on level 8 of the Dungeon.
             The game lasted 00:45:55 (6802 turns).

Hercules1031 the Fighter (Deep Dwarf Fighter)       Turns: 6802, Time: 00:45:56

Health: -8/90      AC:  9    Str: 23    XL:     9   Next: 81%
Magic:  6/6        EV:  5    Int:  9    God:    Makhleb [*.....]
Gold:   345        SH: 12    Dex: 12    Spells: 10/10 levels left

rFire    . . .     SeeInvis +   a - +2 war axe
rCold    . . .     Gourm    .   c - +1 shield
rNeg     . . .     Faith    .   y - +0 plate armour
rPois    .         Spirit   .   (no helmet)
rElec    .         Reflect  .   w - +0 cloak
rCorr    .         Harm     .   g - +0 pair of gloves
MR       +....                  l - +0 pair of boots
Stlth    ..........             A - amulet of regeneration
HPRegen  0.00/turn              h - ring of see invisible
MPRegen  0.10/turn              (no ring)

@: corroded, non-regenerating
A: damage resistance, heal wounds, sense surroundings 2, no regeneration
a: Heal Wounds, Renounce Religion


You were on level 8 of the Dungeon.
You worshipped Makhleb.
Makhleb was aware of your devotion.
You were very full.

You visited 2 branches of the dungeon, and saw 9 of its levels.

You collected 345 gold pieces.

Inventory:

Hand Weapons
 a - a +2 war axe (weapon)
 e - a +3 whip
 t - a +0 morningstar
 z - a +0 halberd
Missiles
 j - 5 tomahawks (quivered)
Armour
 b - a +0 scale mail
 c - a +1 shield (worn)
 g - a +0 pair of gloves (worn)
 l - a +0 pair of boots (worn)
 q - a +0 large shield
 w - a +0 cloak (worn)
 y - a +0 plate armour (worn)
Jewellery
 h - a ring of see invisible (left hand)
 u - an uncursed ring of see invisible
 A - an amulet of regeneration (around neck)
Wands
 o - a wand of iceblast (7)
 v - a wand of random effects (15)
Scrolls
 i - 6 scrolls of remove curse
 k - 3 scrolls of magic mapping
 m - 3 scrolls of fog
 n - 2 scrolls of teleportation
Potions
 d - a potion of might
 p - a potion of flight
 r - a potion of agility {unknown}
 s - a potion of curing {unknown}
 B - a potion of brilliance {unknown}
 C - a potion of ambrosia
Books
 x - a book of Conjurations

   Spells                             Type                      Level
   a - Magic Dart                     Conjuration                  1
   b - Searing Ray                    Conjuration                  2
   c - Dazzling Spray                 Conjuration/Hexes            3
   d - Fulminant Prism                Conjuration/Hexes            4
   e - Force Lance                    Conjuration/Translocation    4
   f - Iskenderun's Mystic Blast      Conjuration                  4
Comestibles
 f - 3 rations


   Skills:
 + Level 8.3 Fighting
 + Level 7.3 Axes
 + Level 7.7 Armour
 + Level 7.7 Shields
 - Level 1.1 Spellcasting


You had 10 spell levels left.
You didn't know any spells.

Dungeon Overview and Level Annotations

Branches:
Dungeon (8/15)             Temple (1/1) D:5
   Lair: D:8-11

Altars:
Ashenzari
Cheibriados
Elyvilon
Fedhas
Gozag
Hepliaklqana
Kikubaaqudgha
Makhleb
Qazlal
Ru
Sif Muna
Trog
Uskayaw
Vehumet
Wu Jian
Xom
Yredelemnul
Zin
The Shining One

Shops:
D:4 }

Annotations:
D:8 Maurice, Pikel, Prince Ribbit


Innate Abilities, Weirdness & Mutations

You are resistant to damage.
You can heal yourself by infusing magical energy.
You passively map the area around you.
You do not regenerate.


Message History

* * * LOW HITPOINT WARNING * * *
You block the orc's attack.
You feel much better. Prince Ribbit hits you!
Maurice zaps a wand.
The bolt of acid hits you!
* * * LOW HITPOINT WARNING * * *
The acid corrodes you!
You are splashed with acid!
The acid burns!
* * * LOW HITPOINT WARNING * * *
The slave hits you.
Pikel drinks a potion.
Pikel flickers and vanishes for a moment.
The orc hits you from afar with a trident.
You fail to use your ability.
Prince Ribbit lets out a mournful croak.
You block Prince Ribbit's attack.
Maurice mumbles some strange words.
Maurice puts on a burst of speed!
The slave barely misses you.
Prince Ribbit hits you but does no damage.
You fail to use your ability.
The orc hits you but does no damage.
Maurice throws a stone.
The stone hits you but does no damage. Prince Ribbit hits you!
You die...

############ ##
***
*...........#...#
,, ......KF@<..#
, , , *
..$.#####p@## *,
* * # * * .o....
* , * , h...##.#*
**, * *.#.... ,#
, ......#. , , ,
.. ....... , *
..,.....# .#, ,*
* *, , **,* ,


You could see Maurice (invisible), Prince Ribbit, Pikel (invisible), a slave and
an orc.

Vanquished Creatures
  Joseph (D:7)
  Eustachio (D:4)
  The ghost of Hercules1031 the Ducker, an amateur HuGl (D:4)
  A water moccasin (D:5)
  3 ice beasts
  A slave (D:8)
  3 orc warriors (D:7)
  A black bear (D:7)
  4 ogres
  A sky beast (D:7)
  3 bullfrogs (D:7)
  2 scorpions
  A water moccasin skeleton (D:5)
  8 killer bees (D:7)
  4 howler monkeys
  2 crimson imps
  2 orc priests
  A hound (D:5)
  7 orc wizards
  A jelly (D:3)
  An iron imp (D:6)
  Ijyb (D:4)
  2 iguanas
  6 worker ants
  3 hound skeletons
  2 worker ant zombies
  4 adders
  3 shadow imps (D:6)
  4 oozes
  2 adder skeletons (D:5)
  2 dart slugs
  9 leopard geckos
  20 orcs
  3 ball pythons
  6 giant cockroaches
  16 goblins
  8 hobgoblins
  2 jackals (D:1)
  10 kobolds
  5 quokkas
  6 bats
  9 frilled lizards
  A quokka skeleton (D:6)
  7 rats
180 creatures vanquished.

Notes
Turn   | Place    | Note
-------+----------+-------------------------------------------
     0 | D:1      | Hercules1031 the Deep Dwarf Fighter began the quest for the Orb.
     0 | D:1      | Reached XP level 1. HP: 20/20 MP: 1/1
   193 | D:1      | Reached XP level 2. HP: 21/27 MP: 2/2
   262 | D:1      | Reached skill level 3 in Fighting
   519 | D:1      | Reached XP level 3. HP: 22/34 MP: 3/3
  1595 | D:2      | Found a blossoming altar of Fedhas.
  1763 | D:2      | Reached XP level 4. HP: 18/42 MP: 4/4
  2606 | D:3      | Reached XP level 5. HP: 26/50 MP: 5/5
  2704 | D:3      | Found a basalt altar of Yredelemnul.
  2770 | D:3      | Found a hazy altar of Hepliaklqana.
  2860 | D:4      | Noticed Hercules1031's ghost (amateur HuGl)
  2869 | D:4      | Reached skill level 4 in Fighting
  2898 | D:4      | Killed Hercules1031's ghost
  2898 | D:4      | Reached skill level 1 in Spellcasting
  2898 | D:4      | Reached XP level 6. HP: 29/58 MP: 5/7
  3374 | D:4      | Found Kairyf's Gadget Emporium.
  3503 | D:4      | Found a shimmering altar of Xom.
  3722 | D:4      | Noticed Ijyb
  3740 | D:4      | Killed Ijyb
  3822 | D:4      | Found a hide-covered altar of Uskayaw.
  3836 | D:4      | Became a worshipper of Uskayaw the Reveler
  3878 | D:4      | Noticed Eustachio
  3897 | D:4      | Reached * piety under Uskayaw
  3900 | D:4      | Reached ** piety under Uskayaw
  3902 | D:4      | Killed Eustachio
  3902 | D:4      | Reached skill level 5 in Fighting
  3902 | D:4      | Reached skill level 5 in Shields
  3902 | D:4      | Reached XP level 7. HP: 42/67 MP: 7/7
  4050 | D:4      | Reached skill level 5 in Armour
  4140 | D:5      | Entered Level 5 of the Dungeon
  4168 | D:5      | Found a bloodstained altar of Trog.
  4186 | D:5      | Reached *** piety under Uskayaw
  4204 | D:5      | Fell from the grace of Uskayaw
  4204 | D:5      | Became a worshipper of Trog the Wrathful
  4464 | D:5      | Found a staircase to the Ecumenical Temple.
  4481 | D:5      | Reached XP level 8. HP: 70/76 MP: 8/8
  4497 | Temple   | Entered the Ecumenical Temple
  4617 | D:5      | Reached skill level 6 in Fighting
  4689 | D:5      | Reached skill level 5 in Axes
  5140 | D:6      | Reached * piety under Trog
  5273 | D:6      | Found a snail-covered altar of Cheibriados.
  5357 | D:6      | Found a burning altar of Makhleb.
  5364 | D:6      | Fell from the grace of Trog
  5364 | D:6      | Became a worshipper of Makhleb the Destroyer
  5791 | D:7      | Reached skill level 7 in Fighting
  6001 | D:7      | Gained mutation: You passively map the area around you. [Deep Dwarf growth]
  6001 | D:7      | Reached XP level 9. HP: 58/86 MP: 9/9
  6231 | D:7      | Reached * piety under Makhleb
  6416 | D:7      | Reached skill level 8 in Fighting
  6688 | D:7      | Noticed Joseph
  6703 | D:7      | Killed Joseph
  6784 | D:8      | Noticed Prince Ribbit
  6787 | D:8      | Noticed Maurice
  6799 | D:8      | Noticed Pikel
  6802 | D:8      | Mangled by Prince Ribbit

Skill      XL: |  1  2  3  4  5  6  7  8  9 |
---------------+----------------------------+-----
Fighting       | 3 4 5 7 8 |  8.3
Axes           | 3 4 6 7 |  7.3
Shields        | 4 5 6 7 |  7.7
Armour         | 4 5 6 7 |  7.7
Spellcasting   | 1 |  1.1

Action                   |  1- 3 |  4- 6 |  7- 9 || total
-------------------------+-------+-------+-------++-------
Melee: War axe           |   125 |   232 |   368 ||   725
       Unarmed           |     6 |       |       ||     6
Invok: Burn Spellbooks   |       |       |     1 ||     1
 Abil: Heal Wounds       |       |     4 |    16 ||    20
  Use: Scroll            |     5 |     6 |     5 ||    16
       Potion            |     1 |     1 |     3 ||     5
 Stab: Paralysed         |       |       |     2 ||     2
  Eat: Ration            |     2 |     2 |     4 ||     8
Armor: Scale mail        |    72 |   116 |   119 ||   307
       Skin              |       |    16 |       ||    16
       Plate armour      |       |       |    78 ||    78
Dodge: Dodged            |    63 |    78 |   132 ||   273
Block: Shield            |    96 |   187 |   278 ||   561
